 Dungeon Crawl Stone Soup version 0.25.0-9-g26727b657a (webtiles) character file.

Game seed: 16429274792974810257

5325 Infinimo the Cleaver (level 10, -1/93 HPs)
             Began as a Hill Orc Berserker on June 17, 2020.
             Was a High Priest of Trog.
             Slain by a sun demon (5 damage)
             ... led by a balrug
             ... on level 1 of the Abyss on June 18, 2020.
             The game lasted 00:10:05 (8193 turns).

Infinimo the Cleaver (Hill Orc Berserker)           Turns: 8193, Time: 00:10:05

Health: -1/93      AC: 17    Str: 24    XL:     10   Next: 64%
Magic:  10/10      EV:  8    Int:  7    God:    Trog [*****.]
Gold:   398        SH:  0    Dex: 10    Spells: 9/9 levels left

rFire    + . .     SeeInvis .   a - +2 executioner's axe (vorpal)
rCold    . . .     Gourm    .   (shield currently unavailable)
rNeg     . . .     Faith    +   b - +0 plate armour {MR+}
rPois    .         Spirit   .   (no helmet)
rElec    .         Reflect  .   (no cloak)
rCorr    .         Harm     .   (no gloves)
MR       +....                  (no boots)
Stlth    ..........             m - amulet of faith
HPRegen  0.25/turn              g - +4 ring of protection
MPRegen  0.12/turn              s - ring of protection from fire

@: about to teleport
A: no striking features
a: Berserk, Trog's Hand, Brothers in Arms, Renounce Religion


You were on level 1 of the Abyss.
You worshipped Trog.
Trog was extremely pleased with you.
You were not hungry.

You visited 1 branch of the dungeon, and saw 7 of its levels.
You visited the Abyss 1 time.
You also visited: Ossuary.

You collected 398 gold pieces.

Inventory:

Hand Weapons
 a - a +2 vorpal executioner's axe (weapon)
Armour
 b - a +0 plate armour of magic resistance (worn)
Jewellery
 g - a +4 ring of protection (left hand)
 m - an amulet of faith (around neck)
 s - a ring of protection from fire (right hand)
 y - an uncursed amulet of the acrobat {unknown}
Wands
 q - a wand of random effects (27)
 v - a wand of flame (29)
 x - a wand of acid (9)
Scrolls
 d - 3 scrolls of identify
 h - a scroll of holy word {unknown}
 i - 8 scrolls of remove curse
 l - 4 scrolls of enchant weapon
 o - 4 scrolls of fear
 u - a scroll of enchant armour
 z - a scroll of noise {unknown}
Potions
 e - 2 potions of berserk rage {unknown}
 j - a potion of cancellation {unknown}
 k - 2 potions of stabbing {unknown}
 n - 3 potions of flight {unknown}
 p - 3 potions of curing
 r - 3 potions of degeneration {unknown}
 w - 4 potions of heal wounds {unknown}
 A - 2 potions of haste {unknown}
Comestibles
 c - 7 rations
 t - 2 chunks of flesh


   Skills:
 + Level 10.1 Fighting
 * Level 14.0 Axes
 + Level 8.5 Armour
 - Level 2.0 Dodging
 - Level 0.4 Stealth


You had 9 spell levels left.
You didn't know any spells.
Your spell library was empty.

Dungeon Overview and Level Annotations

Branches:
Dungeon (7/15)             Temple (0/1) D:5         Ossuary (visited)

Altars:
Elyvilon
Hepliaklqana
Makhleb
Uskayaw
Yredelemnul

Shops:
D:5 }

Annotations:
D:7 1 runed translucent door, Dowan; releu's ghost, novice TrWr


Message History

The sun demon hits you but does no damage.
A starcursed mass splits.
A starcursed mass splits.
The sun demon hits you!!
* * * LOW HITPOINT WARNING * * *
You are engulfed in flames.
You resist.
* * * LOW HITPOINT WARNING * * *
The orc sorcerer hits you but does no damage.
A starcursed mass splits. x2
A rakshasa comes into view. It is wielding a +0 long sword.
The sun demon hits you.
* * * LOW HITPOINT WARNING * * *
You are engulfed in flames!
You resist.
* * * LOW HITPOINT WARNING * * *
A yaktaur comes into view.
The orc sorcerer hits you but does no damage.
The yaktaur shouts!
The orc sorcerer hits you but does no damage.
The starcursed mass engulfs you but does no damage.
The yaktaur changes into a harpy!
The sun demon hits you.
You die...

....##. o
#......# .
§...#.
.....## .
..o§
##......# ..
≈ ..
##...... ..
≈≈.
#....###. .≈
###.#..## .
#.@...H.#
##3o.#......
#..XX##.....
#3X4....#...
#.XX...###..
##.X.X.# .
##.......
##.....#
#.....


You could see 7 starcursed masses, a sun demon, a rust devil (summoned), a harpy
shaped shifter, a smoke demon and an orc sorcerer.

Vanquished Creatures
  A two-headed ogre (D:3)
  A phantasmal warrior (Abyss:1)
  Joseph (D:7)
  A hungry ghost (D:7)
  Grum (D:5)
  Menkaure (D:4)
  5 ice beasts
  Duvessa (D:7)
  A black bear (D:6)
  5 ogres
  3 phantoms
  Blork the orc (D:4)
  A bullfrog (D:3)
  4 gnoll sergeants
  A wyvern skeleton (D:6)
  A water moccasin zombie (D:5)
  6 killer bees (D:3)
  2 howler monkeys
  A crimson imp (D:6)
  4 orc priests
  A gnoll shaman (D:5)
  10 hounds
  3 human zombies (Ossuary)
  2 jellies
  A bullfrog skeleton (D:6)
  4 orc wizards
  Terence (D:3)
  2 iguanas
  4 worker ants
  A hound zombie (Ossuary)
  4 mummies (Ossuary)
  15 gnolls
  A howler monkey skeleton (D:5)
  8 adders
  2 adder zombies
  5 worms
  7 dart slugs
  3 leopard geckos
  20 orcs
  12 bats
  5 giant cockroaches
  A gnoll zombie (Ossuary)
  8 goblins
  9 hobgoblins
  A jackal (D:5)
  11 kobolds
  3 quokkas
  A ball python (D:2)
  5 frilled lizards
  4 goblin zombies (Ossuary)
  A hobgoblin zombie (Ossuary)
  A jackal zombie (Ossuary)
  A leopard gecko skeleton (D:4)
  An orc zombie (Ossuary)
  6 rats
206 creatures vanquished.

Notes
Turn   | Place    | Note
-------+----------+-------------------------------------------
     0 | D:1      | Infinimo the Hill Orc Berserker began the quest for the
                  | Orb.
     0 | D:1      | Reached XP level 1. HP: 19/19 MP: 1/1
     2 | D:1      | Noticed a ghoul
     2 | D:1      | Noticed a merfolk
     4 | D:1      | Noticed a demonspawn
     4 | D:1      | Noticed a centaur
     6 | D:1      | Noticed a halfling
     6 | D:1      | Noticed a vine stalker
     8 | D:1      | Noticed a troll
     8 | D:1      | Noticed a demigod
    10 | D:1      | Noticed a formicid
    12 | D:1      | Noticed a felid
    12 | D:1      | Noticed a naga
    16 | D:1      | Noticed a spriggan
    16 | D:1      | Noticed a human
    18 | D:1      | Noticed a tengu
    20 | D:1      | Noticed a vampire
    20 | D:1      | Noticed a dwarf
    22 | D:1      | Noticed a draconian
    22 | D:1      | Noticed an elf
    24 | D:1      | Noticed an octopode
    24 | D:1      | Noticed an ogre
    26 | D:1      | Noticed a minotaur
    26 | D:1      | Noticed a gargoyle
   291 | D:1      | Reached XP level 2. HP: 26/27 MP: 2/2
   961 | D:1      | Reached XP level 3. HP: 31/33 MP: 3/3
  1451 | D:2      | Reached ** piety under Trog
  1503 | D:2      | Reached skill level 5 in Axes
  1503 | D:2      | Reached XP level 4. HP: 22/41 MP: 4/4
  1765 | D:2      | Found a hazy altar of Hepliaklqana.
  2208 | D:3      | Reached XP level 5. HP: 36/47 MP: 5/5
  2317 | D:3      | Found a hide-covered altar of Uskayaw.
  2317 | D:3      | Noticed a two-headed ogre
  2428 | D:3      | Found a white marble altar of Elyvilon.
  2432 | D:3      | Reached skill level 5 in Fighting
  2432 | D:3      | Reached skill level 6 in Axes
  2435 | D:3      | Reached XP level 6. HP: 56/56 MP: 6/6
  2440 | D:3      | Reached skill level 7 in Axes
  2794 | D:3      | Noticed Terence
  2801 | D:3      | Killed Terence
  2801 | D:3      | Reached XP level 7. HP: 62/62 MP: 7/7
  3021 | D:3      | Reached *** piety under Trog
  3133 | D:3      | Found a transporter.
  3141 | D:3      | Found a transporter.
  3287 | D:3      | Killed a two-headed ogre
  3287 | D:3      | Reached skill level 9 in Axes
  3287 | D:3      | Reached skill level 5 in Armour
  3287 | D:3      | Reached XP level 8. HP: 31/73 MP: 8/8
  3573 | D:4      | Noticed Menkaure
  3582 | D:4      | Killed Menkaure
  3709 | D:4      | Reached skill level 10 in Axes
  4128 | D:4      | Found a burning altar of Makhleb.
  4395 | D:4      | Noticed Blork the orc
  4404 | D:4      | Killed Blork the orc
  4404 | D:4      | Reached XP level 9. HP: 81/81 MP: 9/9
  4449 | D:4      | Found a basalt altar of Yredelemnul.
  4696 | D:5      | Entered Level 5 of the Dungeon
  4702 | D:5      | Found a sand-covered staircase.
  4707 | Ossuary  | Entered an ossuary
  4725 | Ossuary  | Reached skill level 11 in Axes
  4950 | Ossuary  | Reached **** piety under Trog
  5207 | D:5      | Found Aptun's Gadget Shoppe.
  5410 | D:5      | Found a staircase to the Ecumenical Temple.
  5451 | D:5      | Reached skill level 12 in Axes
  6035 | D:5      | HP: 3/83 [poisoned by a gnoll sergeant]
  6548 | D:5      | Noticed Grum
  6560 | D:5      | Killed Grum
  6651 | D:5      | Reached XP level 10. HP: 91/91 MP: 10/10
  6826 | D:6      | Reached ***** piety under Trog
  7022 | D:6      | Reached skill level 13 in Axes
  7728 | D:7      | Paralysed by fainting for 9 turns
  7739 | D:7      | Paralysed by fainting for 5 turns
  7752 | D:7      | Received a gift from Trog
  7819 | D:7      | Noticed Joseph
  7834 | D:7      | Killed Joseph
  8108 | D:7      | Noticed releu's ghost (novice TrWr)
  8111 | D:7      | Found a runed translucent door.
  8125 | D:7      | Noticed Dowan
  8126 | D:7      | Noticed Duvessa
  8135 | D:7      | Killed Duvessa
  8135 | D:7      | Cast into level 1 of the Abyss (Dowan)
  8139 | Abyss:1  | Noticed a phantasmal warrior
  8146 | Abyss:1  | Killed a phantasmal warrior
  8146 | Abyss:1  | Reached skill level 10 in Fighting
  8146 | Abyss:1  | Reached skill level 14 in Axes
  8161 | Abyss:1  | Noticed a sun demon
  8161 | Abyss:1  | Noticed a sun demon
  8176 | Abyss:1  | Noticed an orc sorcerer
  8183 | Abyss:1  | Noticed a starcursed mass
  8186 | Abyss:1  | Noticed a rust devil
  8188 | Abyss:1  | Noticed a smoke demon
  8191 | Abyss:1  | Noticed a rakshasa
  8191 | Abyss:1  | HP: 4/93 [sun demon[a balrug] (8)]
  8193 | Abyss:1  | Noticed a harpy
  8193 | Abyss:1  | a yaktaur changed into a harpy
  8193 | Abyss:1  | Slain by a sun demon

Illustrated notes

Levels and vault maps discovered:
D:1:      kb_arrival_jail, layout_basic, serial_glass, glass_columns_a,
          glass_columns_a
D:2:      layout_rooms, lemuel_round_altar
D:3:      layout_rooms, gammafunk_temple_overflow_arena, elyvilon_altar_3,
          first_ration, uniq_terence
D:4:      layout_cave_pods, nicolae_overflow_crystal_walls,
          kennysheep_mini_moat, uniq_menkaure, uniq_blork_the_orc
D:5:      layout_cave_pools, minmay_temple_entry_from_below_a,
          serial_gnoll_camp, gnoll_camp_mini_basic, gnoll_camp_mini_house,
          grums_kennel, gnoll_camp_mini_sergeant,
          lightli_ossuary_entry_decrepit_ruins, serial_shops,
          nicolae_shop_behind_doors
D:6:      layout_loops_corners
D:7:      layout_rooms, hellmonk_ghost_happy_afterlife, uniq_duvessa,
          uniq_joseph
Abyss:1:  base:
D:5

Skill      XL: |  1  2  3  4  5  6  7  8  9 10 |
---------------+-------------------------------+-----
Fighting       | 4 5 7 9 10 | 10.1
Axes           | 5 6 7 9 10 12 14 | 14.0
Dodging        | 2 |  2.0
Armour         | 3 5 6 7 8 |  8.5
Stealth        | |  0.4

Action                   |  1- 3 |  4- 6 |  7- 9 | 10-12 || total
-------------------------+-------+-------+-------+-------++-------
Melee: Hand axe          |   103 |   130 |   452 |    99 ||   784
       War axe           |       |       |       |    41 ||    41
       Executioner's axe |       |       |       |    26 ||    26
Invok: Berserk           |       |     2 |     9 |     4 ||    15
  Use: Scroll            |       |       |    10 |     1 ||    11
       Potion            |       |       |     1 |       ||     1
 Stab: Distracted        |     1 |       |       |       ||     1
  Eat: Chunk             |     2 |     5 |    12 |     7 ||    26
       Ration            |       |       |     3 |     2 ||     5
Armor: Animal skin       |    16 |       |       |       ||    16
       Chain mail        |    17 |    77 |    21 |       ||   115
       Plate armour      |       |       |   219 |   104 ||   323
Dodge: Dodged            |    69 |    59 |   121 |    45 ||   294
